 Dungeon Crawl Stone Soup version 0.29.1 (webtiles) character file.

Game seed: 8791379674584384011

241 greasedhog the Trooper (level 6, -2/40 HPs)
             Began as a Gargoyle Abyssal Knight on Sept 13, 2022.
             Was an Elder of Lugonu.
             Slain by Blork the orc
             ... wielding a +0 halberd
              (9 damage)
             ... on level 4 of the Dungeon.
             The game lasted 00:03:19 (3274 turns).

greasedhog the Trooper (Gargoyle Abyssal Knight)    Turns: 3274, Time: 00:03:20

Health: -2/40      AC: 15    Str: 18    XL:     6   Next: 8%
Magic:  7/7        EV:  5    Int: 11    God:    Lugonu [****..]
Gold:   229        SH:  3    Dex: 10    Spells: 5/5 levels left

rFire   . . .      SeeInvis .   t - +1 flail (vorpal)
rCold   . . .      Faith    .   n - +0 buckler
rNeg    + . .      Spirit   .   k - +0 plate armour
rPois   ∞          Reflect  .   (no helmet)
rElec   +          Harm     .   (no cloak)
rCorr   .          Rampage  .   (no gloves)
Will    +....                   (no boots)
Stlth   ..........              (no amulet)
HPRegen 0.13/turn               g - +4 ring of slaying
MPRegen 0.10/turn               a - ring of willpower

@: flying
A: sickness immunity, AC +4, negative energy resistance 1, electricity
resistance, torment resistance 1, petrification resistance
a: Renounce Religion, Depart the Abyss, Bend Space, Banish, Corrupt


You were on level 4 of the Dungeon.
You worshipped Lugonu.
Lugonu was greatly pleased with you.
You visited 1 branch of the dungeon, and saw 4 of its levels.
You visited the Abyss 1 time.

You collected 229 gold pieces.

Inventory:

Hand Weapons
 t - a +1 vorpal flail (weapon)
Armour
 k - a +0 plate armour (worn)
 n - a +0 buckler (worn)
Jewellery
 a - a ring of willpower (right hand)
 g - a +4 ring of slaying (left hand)
 i - a +6 ring of strength
Scrolls
 e - 2 scrolls of teleportation
 f - a scroll of enchant weapon {unknown}
 m - a scroll of amnesia {unknown}
 q - 2 scrolls of identify {unknown}
Potions
 b - a potion of flight
 c - a potion of haste {unknown}
 d - a potion of magic {unknown}
 h - 4 potions of curing
 j - 2 potions of heal wounds {unknown}
 l - a potion of invisibility {unknown}
 o - a potion of degeneration {unknown}
 p - a potion of might {unknown}
 r - 2 potions of lignification {unknown}
 s - a potion of brilliance {unknown}
 u - 2 potions of ambrosia {unknown}


   Skills:
 - Level 5.0 Fighting
 * Level 4.5 Maces & Flails
 * Level 3.3 Armour
 - Level 0.7 Dodging
 - Level 2.0 Invocations


You had 5 spell levels left.
You didn't know any spells.
Your spell library contained the following spells:

 Spells                   Type           Power      Damage    Failure   Level
 Ensorcelled Hibernation  Hex/Ice        0%         N/A       100%        2
 Passwall                 Tmut/Erth      0%         N/A       100%        2
 Dazzling Flash           Conj/Hex       0%         N/A       100%        3
 Ozocubu's Armour         Ice            0%         N/A       100%        3
 Swiftness                Air            0%         N/A       100%        3
 Agony                    Necr           0%         N/A       100%        5
 Metabolic Englaciation   Hex/Ice        0%         N/A       100%        5
 Silence                  Hex/Air        0%         N/A       100%        5
 Simulacrum               Ice/Necr       0%         N/A       100%        6


Dungeon Overview and Level Annotations

Branches:
Dungeon (4/15)             Temple (0/1) D:4

Altars:
Elyvilon

Annotations:
D:4 Blork the orc


Innate Abilities, Weirdness & Mutations

You are immune to sickness and miasma.
Your stone body is resilient. (AC +4)
You are immune to poison.
You resist negative energy. (rN+)
You are resistant to electric shocks. (rElec)
You are resistant to unholy torment.
You are immune to petrification.


Message History

You sock the orc!
You kill the orc!
Lugonu accepts your kill.
The orc priest mumbles some strange prayers to Beogh against you.
Beogh smites you!
The orc priest begins to cast a cantrip, but forgets the words!
The orc hits you but does no damage.
Things that are here:
a +0 hand axe; a +0 scale mail; an orc corpse You sock the orc priest!
You kill the orc priest!
Lugonu accepts your kill.
Blork the orc gestures at you while chanting.
The puff of frost hits you!
* * * LOW HITPOINT WARNING * * *
The orc hits you but does no damage.
A jackal comes into view.
You have reached level 6!
The orc hits you but does no damage. The orc hits you but does no damage.
It was a potion of flight.
You feel very buoyant.
You fly up into the air.
Blork the orc hits you but does no damage.
The orc hits you but does no damage.
It was a potion of curing.
You feel better.
The jackal barks!
You block Blork the orc's attack. The orc barely misses you.
You feel better.
Blork the orc hits you from afar with a +0 halberd.
The orc hits you with a +1 whip of electrocution.
You hit the orc but do no damage. Blork the orc barely misses you.
You block the orc's attack.
You hit the orc.
The orc is moderately wounded.
Blork the orc hits you from afar with a +0 halberd.
* * * LOW HITPOINT WARNING * * *
The orc hits you but does no damage.
Blork the orc hits you from afar with a +0 halberd!
You die...

.... ... ..... .... ....
..[.. ... ..... ###.# ..
..... ######.)h#....
..... .####.....)o...#
.... ..........o#####
.... #...[...@.# #. #.#
#.........# #...# #.#
#......b.)## #..# #.#
#.......)..# #..####.#
#........>.#### #.....#..
#.............# #....#..
#.b........##.####.#.....
#.........###...##.###...
#.........# ###..........


You could see Blork the orc, an orc and a jackal (slow).

Vanquished Creatures
  An orc priest (D:4)
  4 gnolls
  7 adders
  A worm (D:2)
  A dart slug (D:2)
  6 orcs
  14 ball pythons
  7 bats
  4 endoplasms
  2 giant cockroaches
  10 goblins
  12 hobgoblins
  4 jackals (D:1)
  8 kobolds
  3 quokkas (D:3)
  5 frilled lizards
  8 rats
97 creatures vanquished.

Vanquished Creatures (others)
  A demonic plant (D:2)
  A fungus (D:2)
  A withered plant (D:2)
3 creatures vanquished.

Grand Total: 100 creatures vanquished

Notes
Turn   | Place    | Note
-------+----------+-------------------------------------------
     0 | Abyss:1  | greasedhog the Gargoyle Abyssal Knight began the quest for
                  | the Orb.
     0 | Abyss:1  | Reached XP level 1. HP: 14/14 MP: 2/2
     1 | D:1      | Escaped the Abyss
   204 | D:1      | Reached XP level 2. HP: 18/19 MP: 3/3
   453 | D:1      | Reached XP level 3. HP: 24/24 MP: 4/4
   466 | D:1      | Reached skill level 4 in Fighting
   702 | D:1      | Reached *** piety under Lugonu
  1108 | D:1      | Reached XP level 4. HP: 6/30 MP: 5/5
  1744 | D:2      | Reached XP level 5. HP: 33/34 MP: 6/6
  1764 | D:2      | Found a faded altar of an unknown god.
  1834 | D:2      | Reached skill level 5 in Fighting
  2594 | D:3      | Reached **** piety under Lugonu
  3030 | D:3      | Found a white marble altar of Elyvilon.
  3240 | D:4      | Found a staircase to the Ecumenical Temple.
  3264 | D:4      | Noticed Blork the orc
  3268 | D:4      | Reached XP level 6. HP: 8/40 MP: 7/7
  3274 | D:4      | Slain by Blork the orc

Illustrated notes

Levels and vault maps discovered:
D:1:      pf_arrival_petrified_forest, layout_basic
D:2:      minmay_door_path, layout_rooms, shapermc_ecumenical_altar_gd
D:3:      minmay_chambers_of_twos, layout_loops_corners,
          lemuel_coloured_pillars_altar, minmay_misc_feat_chi
D:4:      layout_rooms, bloody_trog, nicolae_ru_great_annihilating_truth,
          minmay_temple_entry_butterflies, minmay_diced_spiral, uniq_natasha,
          uniq_blork_the_orc

Skill      XL: |  1  2  3  4  5 |
---------------+----------------+-----
Fighting       | 4 5 |  5.0
Maces & Flails | 3 4 |  4.5
Armour         | 3 |  3.3
Dodging        | |  0.7
Invocations    | |  2.0

Action                   |  1- 3 |  4- 6 || total
-------------------------+-------+-------++-------
Melee: Mace              |    89 |    77 ||   166
       Punch             |       |     1 ||     1
       Flail             |       |    34 ||    34
  Use: Scroll            |     4 |     1 ||     5
       Potion            |       |     3 ||     3
Armor: Leather armour    |    33 |       ||    33
       Plate armour      |    26 |    84 ||   110
Dodge: Dodged            |    55 |    39 ||    94
Block: Buckler           |       |     8 ||     8
